 Dungeon Crawl Stone Soup version 0.20.1-1-g8b1a95d (webtiles) character file.

109 Nattfarinn the Skirmisher (level 4, -4/30 HPs)
             Began as a Gargoyle Berserker on Sept 29, 2017.
             Was a Believer of Trog.
             Slain by a worm (6 damage)
             ... on level 3 of the Dungeon.
             The game lasted 00:04:15 (1718 turns).

Nattfarinn the Skirmisher (Gargoyle Berserker)      Turns: 1718, Time: 00:04:16

Health: -4/30      AC:  6    Str: 26    XL:     4   Next: 89%
Magic:  4/4        EV: 17    Int:  7    God:    Trog [**....]
Gold:   155        SH:  0    Dex: 15    Spells: 3/3 levels left

rFire    + . .     SeeInvis .   j - -1 short sword (curse)
rCold    + . .     Gourm    .   (no shield)
rNeg     + . .     Faith    .   b - +1 animal skin
rPois    ∞         Spirit   .   (no helmet)
rElec    +         Reflect  .   (no cloak)
rCorr    +         Harm     .   (no gloves)
MR       .....                  (no boots)
Stlth    ++........             (no amulet)
Regen    0.1/turn               (no ring)
MPRegen  0.1/turn               (no ring)

@: mighty, agile, resistant, berserk cooldown, starving
A: negative energy resistance 1, electricity resistance, unbreathing,
petrification resistance, rot immunity, AC +3
a: Berserk, Trog's Hand, Burn Spellbooks, Renounce Religion


You were on level 3 of the Dungeon.
You worshipped Trog.
Trog was pleased with you.
You were starving.

You visited 1 branch of the dungeon, and saw 3 of its levels.

You collected 155 gold pieces.

Inventory:

Hand Weapons
 a - a +1 mace
 j - a cursed -1 short sword (weapon)
Armour
 b - a +1 animal skin (worn)
 m - a +0 scale mail
Magical Staves
 e - an uncursed staff of earth {unknown}
Jewellery
 k - a +6 ring of intelligence {unknown}
 l - an uncursed ring of flight {unknown}
Scrolls
 f - a scroll of random uselessness
 o - a scroll of noise {unknown}
Potions
 n - 2 potions of agility
Comestibles
 c - a bread ration
 g - 4 fruits
 h - 3 meat rations


   Skills:
 * Level 4.3 Fighting
 + Level 1.1 Short Blades
 + Level 4.0 Maces & Flails
 * Level 3.0 Armour
 - Level 1.5 Dodging


You had 3 spell levels left.
You didn't know any spells.

Dungeon Overview and Level Annotations

Branches:
Dungeon (3/15)

Altars:
Makhleb
Zin


Innate Abilities, Weirdness & Mutations

You are resistant to torment.
Your stone body is resilient. (AC +3)
You are immune to poison.
You resist negative energy. (rN+)
You are resistant to electric shocks. (rElec)
You can survive without breathing.
You are immune to petrification.
You are immune to rotting.


Message History

You feel yourself speed up.
You are starving!
The worm bites you but does no damage.
You hit the worm but do no damage.
The worm is moderately wounded.
The worm closely misses you.
It was a potion of agility.
You feel agile all of a sudden.
It was a potion of resistance.
You feel protected. The worm closely misses you.
It was a potion of might.
You feel very mighty all of a sudden. The worm misses you.
You hit the worm.
The worm is moderately wounded.
You barely miss the worm.
The worm is moderately wounded.
The worm bites you.
You die...

.# ..##### ...#
..#.#.# #...#.#
)..#.## #.#.##.#
....... #.#.# #.#
....... # #.#.#
#.# o...... #.
#.#.# #.#w......
#.##.#.######.#
#.........@w)#†#
#......######.#oo
#.....<# #....8
#......# .......
#......# ..8...
#......# ....?.
#.(....# ..8..
#####... ....
#..#.


You could see a worm.

Vanquished Creatures
  An orc wizard (D:3)
  An adder (D:3)
  An ooze (D:2)
  2 worms (D:2)
  2 dart slugs (D:2)
  2 leopard geckos
  6 orcs (D:3)
  4 bats
  9 hobgoblins
  A quokka (D:2)
  5 frilled lizards
  4 goblins
  4 kobolds (D:2)
  9 rats
51 creatures vanquished.

Notes
Turn   | Place    | Note
-------+----------+-------------------------------------------
     0 | D:1      | Nattfarinn the Gargoyle Berserker began the quest for the Orb.
     0 | D:1      | Reached XP level 1. HP: 14/14 MP: 1/1
   366 | D:1      | Reached XP level 2. HP: 20/20 MP: 2/2
   894 | D:2      | Reached XP level 3. HP: 23/24 MP: 3/3
  1044 | D:2      | Found a burning altar of Makhleb.
  1047 | D:2      | Noticed a cacodemon
  1049 | D:2      | Found a glowing silver altar of Zin.
  1050 | D:2      | Noticed an angel
  1072 | D:2      | Reached ** piety under Trog
  1659 | D:3      | Reached XP level 4. HP: 13/29 MP: 4/4
  1678 | D:3      | Reached skill level 1 in Short Blades
  1710 | D:3      | HP: 1/30 [worm (3)]
  1718 | D:3      | Slain by a worm

Skill      XL: |  1  2  3  4 |
---------------+-------------+-----
Fighting       | 4 |  4.3
Short Blades   | 1 |  1.1
Maces & Flails | 4 |  4.0
Armour         | 3 |  3.0
Dodging        | |  1.5

Action                   |  1- 3 |  4- 6 || total
-------------------------+-------+-------++-------
Melee: Mace              |    51 |       ||    51
       Short sword       |   105 |    45 ||   150
Invok: Berserk           |       |     1 ||     1
       Trog's Hand       |       |     1 ||     1
  Use: Scroll            |     3 |       ||     3
       Potion            |       |     3 ||     3
 Stab: Sleeping          |     2 |       ||     2
  Eat: Chunk             |     2 |       ||     2
Armor: Animal skin       |    68 |    25 ||    93
Dodge: Dodged            |    92 |    24 ||   116
